 Dungeon Crawl Stone Soup version 0.30-a0-176-gdd20fb75b6 (webtiles) character file.

Game seed: 10752761941581036440

1108 Angani the Cudgeller (level 8, -8/47 (70) HPs)
             Began as a Meteoran Berserker on Oct 2, 2022.
             Was an Elder of Trog.
             Killed from afar by Maggie (23 damage)
             ... with a bolt of fire
             ... on level 6 of the Dungeon.
             The game lasted 00:10:24 (2157 turns).

Angani the Cudgeller (Meteoran Berserker)           Turns: 2157, Time: 00:10:25

HP:   -8/47 (70)    AC: 16    Str: 19    XL:     8   Next: 90%
MP:   9/9           EV:  8    Int:  9    God:    Trog [****..]
Gold: 168           SH:  0    Dex: 17    Spells: 7/7 levels left

rFire   . . .      SeeInvis .    p - +0 morningstar
rCold   + . .      Faith    .    (no shield)
rNeg    . . .      Spirit   .    q - +0 plate armour
rPois   .          Reflect  .    (no helmet)
rElec   +          Harm     .    o - +1 cloak
rCorr   +          Rampage  .    j - +0 pair of gloves
Will    +....                    (no boots)
Stlth   ..........               d - amulet of regeneration
HPRegen 1.07/turn                t - ring of resist corrosion
MPRegen 0.11/turn                g - ring of protection from cold

@: on berserk cooldown, mesmerised, glowing, very heavily drained
A: sense surroundings 1, otherworldly, glowing, explore regen, agile 1,
electricity resistance
a: Renounce Religion, Berserk, Trog's Hand, Brothers in Arms


You were on level 6 of the Dungeon.
You worshipped Trog.
Trog was greatly pleased with you.
You visited 1 branch of the dungeon, and saw 6 of its levels.

You collected 168 gold pieces.

Inventory:

Hand Weapons
 p - a +0 morningstar (weapon)
Missiles
 e - a throwing net (quivered)
Armour
 j - a +0 pair of gloves (worn)
 o - a +1 cloak (worn)
 q - a +0 plate armour (worn)
Jewellery
 c - a ring of flight
 d - an amulet of regeneration (around neck)
 g - a ring of protection from cold (right hand)
 t - a ring of resist corrosion (left hand)
Wands
 v - a wand of flame (9)
Scrolls
 f - a scroll of immolation
 h - a scroll of vulnerability
 i - 3 scrolls of blinking {unknown}
 l - 3 scrolls of magic mapping {unknown}
 m - a scroll of silence {unknown}
 n - a scroll of fog
 r - 3 scrolls of fear {unknown}
 s - a scroll of poison {unknown}
 u - a scroll of teleportation
Potions
 a - a potion of might
 b - a potion of ambrosia
 k - 3 potions of magic


   Skills:
 + Level 6.1 Fighting
 + Level 7.4 Maces & Flails
 + Level 6.1 Armour
 + Level 6.2 Dodging


You had 7 spell levels left.
You didn't know any spells.
Your spell library was empty.

Dungeon Overview and Level Annotations

Branches:
Dungeon (6/15) Zot: 1371
 Temple: D:4-7

Altars:
Vehumet
The Shining One

Shops:
D:3 (

Annotations:
D:6 Maggie


Innate Abilities, Weirdness & Mutations

You passively map a small area around you.
You are easily found by Zot.
You glow in the dark.
You regain HP and MP as you explore.
You are agile. (Dex +4, Str/Int -1)
You are resistant to electric shocks. (rElec)


Message History

You feel yourself speed up. Maggie closely misses you. x2
Unknown command.
You closely miss Maggie.
Maggie is heavily wounded.
Maggie hits you but does no damage.
You feel drained.
You hit Maggie but do no damage.
Maggie is heavily wounded.
You break out of your daze.
Your skin stops crawling.
You feel less strong-willed.
Maggie hits you with a +3 morningstar of draining.
You feel drained.
Unknown command.
You hit Maggie.
Maggie is heavily wounded.
Maggie mumbles some strange words.
Maggie attempts to bespell you! You resist.
Unknown command.
You barely miss Maggie.
Maggie is heavily wounded.
Maggie hits you but does no damage.
You feel drained.
You hit Maggie but do no damage.
Maggie is heavily wounded.
Maggie hits you with a +3 morningstar of draining!
You feel drained.
Unknown command.
You closely miss Maggie.
Maggie is heavily wounded.
Maggie hits you with a +3 morningstar of draining.
* * * LOW HITPOINT WARNING * * *
You feel drained.
Maggie mumbles some strange words.
Maggie attempts to bespell you!
You are mesmerised by Maggie!
Unknown command.
You hit Maggie.
Maggie is heavily wounded.
Maggie casts a spell at you. The bolt of fire hits you!!
You die...

#,.# * ##. .### *
#.> #..##..# #...,
#......#### ....# ,
#...).....##...#* ,
#....)))........ ,
######.#.....#
##...)....##... ,
#......@@.....# ,
#.....#...#.... ,
##........#. ., , ,
##........... ,
##.........#.... ,
, #..........#.....
##..........# ....,
,
##.#...............
#..#........#...


You could see Maggie (mesmerising).

Vanquished Creatures
  Sigmund (D:6)
  A water moccasin (D:6)
  An ice beast (D:6)
  A sky beast (D:6)
  2 ogres (D:6)
  A scorpion (D:4)
  A howler monkey (D:6)
  A jelly (D:6)
  An orc priest (D:3)
  2 iguanas (D:5)
  An orc wizard (D:4)
  8 gnolls
  8 adders
  A white imp (D:6)
  2 ufetubi
  2 dart slugs (D:1)
  13 orcs
  5 bats
  6 endoplasms
  3 giant cockroaches
  6 goblins
  6 hobgoblins
  5 kobolds
  5 quokkas
  9 ball pythons
  4 frilled lizards
  5 rats
101 creatures vanquished.

Vanquished Creatures (others)
  A plant (D:3)
1 creature vanquished.

Grand Total: 102 creatures vanquished

Notes
Turn   | Place    | Note
-------+----------+-------------------------------------------
     0 | D:1      | Angani the Meteoran Berserker began the quest for the Orb.
     0 | D:1      | Reached XP level 1. HP: 19/19 MP: 2/2
    57 | D:1      | Reached XP level 2. HP: 22/26 MP: 3/3
   147 | D:1      | Reached XP level 3. HP: 26/31 MP: 4/4
   196 | D:1      | Reached ** piety under Trog
   298 | D:1      | Found a faded altar of an unknown god.
   455 | D:2      | Reached XP level 4. HP: 25/40 MP: 5/5
   629 | D:2      | Reached XP level 5. HP: 33/46 MP: 6/6
   926 | D:3      | Reached skill level 5 in Maces & Flails
  1018 | D:3      | Reached *** piety under Trog
  1075 | D:3      | Reached XP level 6. HP: 52/52 MP: 7/7
  1165 | D:3      | Found Neidiod's Weapon Shoppe.
  1309 | D:3      | Gained mutation: You are resistant to electric shocks.
                  | (rElec) [potion of mutation]
  1309 | D:3      | Gained mutation: You are agile. (Dex +4, Str/Int -1)
                  | [potion of mutation]
  1583 | D:4      | Reached XP level 7. HP: 59/60 MP: 8/8
  1656 | D:4      | Found a glowing golden altar of the Shining One.
  1749 | D:5      | Entered Level 5 of the Dungeon
  1767 | D:5      | Found a radiant altar of Vehumet.
  2021 | D:6      | Reached skill level 5 in Fighting
  2021 | D:6      | Reached skill level 6 in Maces & Flails
  2042 | D:6      | Reached skill level 5 in Armour
  2042 | D:6      | Reached skill level 5 in Dodging
  2047 | D:6      | Noticed Sigmund
  2054 | D:6      | Killed Sigmund
  2055 | D:6      | Reached XP level 8. HP: 69/69 MP: 9/9
  2118 | D:6      | Reached skill level 7 in Maces & Flails
  2130 | D:6      | Reached **** piety under Trog
  2139 | D:6      | Noticed Maggie
  2157 | D:6      | Killed from afar by Maggie

Illustrated notes

Levels and vault maps discovered:
D:1:      dpeg_arrival_radiant, layout_basic, hellmonk_ecumenical_altar_run_dry
D:2:      layout_basic, basic_altar
D:3:      layout_loops_ring, serial_shops, nicolae_shop_bloodbath_and_beyond,
          minmay_misc_feat_iff, nrook_campfire, saegor_snake_ambush
D:4:      layout_basic, nicolae_tso_swordbearing_angel, mrwooster_statue_mirror
D:5:      layout_basic, vehumet_crystals
D:6:      layout_cave_pools, minmay_temple_entry_large_hall, uniq_sigmund,
          uniq_maggie

Skill      XL: |  1  2  3  4  5  6  7  8 |
---------------+-------------------------+-----
Dodging        | 3 4 5 6 |  6.2
Armour         | 3 4 5 6 |  6.1
Fighting       | 4 5 6 |  6.1
Maces & Flails | 5 6 7 |  7.4

Action                   |  1- 3 |  4- 6 |  7- 9 || total
-------------------------+-------+-------+-------++-------
Melee: Mace              |    93 |   174 |       ||   267
       Morningstar       |       |    12 |   103 ||   115
       Punch             |       |     1 |     2 ||     3
Invok: Berserk           |       |     2 |     1 ||     3
       Trog's Hand       |       |       |     1 ||     1
  Use: Scroll            |     3 |     6 |     3 ||    12
       Potion            |       |     1 |       ||     1
 Stab: Sleeping          |     1 |       |       ||     1
Armor: Animal skin       |    31 |     2 |       ||    33
       Scale mail        |       |    58 |       ||    58
       Plate armour      |       |    96 |   105 ||   201
Dodge: Dodged            |    72 |    94 |    60 ||   226

Table legend: (Time is in decaauts)
 A = Elapsed time spent in this place.
 B = Non-inter-level travel time spent in this place.
 C = Inter-level travel time spent in this place.
 D = Time resting spent in this place.
 E = Time spent auto-exploring this place.
 F = Levels seen in this place.
 G = Mean time per level.
                   A        B        C        D        E       F      G
               +--------+--------+--------+--------+--------+-----+--------+
         Total |   2227 |   2040 |    187 |      0 |      0 |   6 |  371.2 |
       Dungeon |   2227 |   2040 |    187 |      0 |      0 |   6 |  371.2 |
               +--------+--------+--------+--------+--------+-----+--------+

Top non-repeatable levels by time:
     D:2: 494 daAuts
     D:3: 484 daAuts
     D:4: 414 daAuts
     D:1: 409 daAuts
     D:5: 257 daAuts
     D:6: 167 daAuts
